 Dungeon Crawl Stone Soup version 0.27-a0-887-gcab673c142 (webtiles) character file.

Game seed: 8443974301912250860

569 mhtbhm the Chopper (level 7, 0/82 HPs)
             Began as a Human Berserker on Apr 3, 2021.
             Was a Priest of Trog.
             Slain by a water moccasin (7 damage)
             ... on level 5 of the Dungeon.
             The game lasted 00:04:54 (5396 turns).

mhtbhm the Chopper (Human Berserker)                Turns: 5396, Time: 00:04:55

Health: 0/82       AC:  5    Str: 19    XL:     7   Next: 60%
Magic:  7/7        EV:  9    Int:  7    God:    Trog [***...]
Gold:   137        SH:  7    Dex: 13    Spells: 6/6 levels left

rFire    + . .     SeeInvis .   a - +0 war axe
rCold    + . .     Faith    .   i - +0 kite shield
rNeg     + . .     Spirit   .   b - +1 leather armour {rC+}
rPois    .         Reflect  .   (no helmet)
rElec    .         Harm     .   (no cloak)
rCorr    .         Rampage  .   f - +0 pair of gloves
Will     .....                  (no boots)
Stlth    ..........             (no amulet)
HPRegen  0.23/turn              r - ring of positive energy
MPRegen  0.10/turn              h - ring of protection from fire

@: berserking, lethally poisoned (0 -> -5), very quick
A: no striking features
a: Renounce Religion, Berserk, Trog's Hand


You were on level 5 of the Dungeon.
You worshipped Trog.
Trog was most pleased with you.
You visited 1 branch of the dungeon, and saw 5 of its levels.

You collected 203 gold pieces.
You spent 66 gold pieces at shops.

Inventory:

Hand Weapons
 a - a +0 war axe (weapon)
Missiles
 g - 4 boomerangs of dispersal
 k - 4 javelins
 l - 26 poisoned darts (quivered)
 q - a throwing net
Armour
 b - a +1 leather armour of cold resistance (worn)
 f - a +0 pair of gloves (worn)
 i - a +0 kite shield (worn)
Jewellery
 h - a ring of protection from fire (right hand)
 r - a ring of positive energy (left hand)
Scrolls
 c - 2 scrolls of teleportation
 n - a scroll of fog
 p - a scroll of enchant weapon
 s - a scroll of vulnerability {unknown}
Potions
 d - a potion of attraction
 e - 2 potions of curing
 m - a potion of heal wounds
 o - a potion of resistance


   Skills:
 + Level 4.3 Fighting
 + Level 6.0 Axes
 + Level 3.3 Armour
 + Level 3.1 Dodging
 + Level 2.2 Stealth


You had 6 spell levels left.
You didn't know any spells.
Your spell library was empty.

Dungeon Overview and Level Annotations

Branches:
Dungeon (5/15)
 Temple: D:4-7

Altars:
Gozag
Makhleb
Zin

Shops:
D:3 *?


Message History

You block the water moccasin's attack. The water moccasin bites you.
You are too injured to fight recklessly!
You are too injured to fight recklessly!
You are too injured to fight recklessly!
You are too injured to fight recklessly!
You are too injured to fight recklessly!
You are too injured to fight recklessly!
You are too injured to fight recklessly!
You are too injured to fight recklessly!
You are too injured to fight recklessly!
A red film seems to cover your vision as you go berserk!
You feel yourself moving faster!
You feel mighty! The water moccasin bites you!
You closely miss the water moccasin.
The water moccasin is moderately wounded.
The water moccasin bites you.
* * * LOW HITPOINT WARNING * * *
The water moccasin bites you.
* * * LOW HITPOINT WARNING * * *
You closely miss the water moccasin.
The water moccasin is moderately wounded.
You block the water moccasin's attack.
You closely miss the water moccasin.
The water moccasin is moderately wounded.
You block the water moccasin's attack. The water moccasin bites you.
* * * LOW HITPOINT WARNING * * *
You closely miss the water moccasin.
The water moccasin is moderately wounded.
The water moccasin bites you.
* * * LOW HITPOINT WARNING * * *
You are poisoned.
The water moccasin poisons you!
You slash the water moccasin!
The water moccasin is severely wounded.
* * * LOW HITPOINT WARNING * * *
You feel very sick. The water moccasin closely misses you.
You barely miss the water moccasin.
The water moccasin is severely wounded.
You feel sick. The water moccasin bites you!
You die...

♣≈≈.≈≈≈♣♣# ♣≈≈.≈PP≈.##. ≈♣
♣♣≈.≈≈♣..##.###≈ ♣P.≈≈≈..#
.....♣## # ♣≈.≈≈♣..##
#.....#.#
♣♣≈.≈≈≈≈>..##.....#.#
PP≈.≈≈P≈.#..........
≈≈≈.≈≈≈≈.####.....####
≈≈P.≈≈P♣.......S@....#
≈≈≈.≈P≈♣.#####.#.###.##
≈≈≈.≈≈♣..## ##.###...###
≈≈≈.≈≈#...# #.....#...#
#≈P.♣##.#.## #####...#.#
#....##.#..## ##.##.##
#....##.#...########.#...###
#.#####.#.^≈...#............
#.#####.#.≈≈≈≈....#..#...###


You could see a water moccasin.

Vanquished Creatures
  2 necrophages
  Blork the orc (D:4)
  A water moccasin skeleton (D:4)
  A hound (D:4)
  A bullfrog skeleton (D:4)
  A jelly (D:4)
  A centaur skeleton (D:4)
  A scorpion zombie (D:5)
  A howler monkey zombie (D:4)
  3 gnolls (D:2)
  2 worms
  6 dart slugs (D:1)
  3 orcs (D:3)
  4 ball pythons
  9 endoplasms
  4 giant cockroaches
  12 goblins
  7 hobgoblins
  4 jackals
  5 quokkas
  7 bats
  2 frilled lizards
  6 kobolds
  6 rats
90 creatures vanquished.

Vanquished Creatures (others)
  2 plants (D:5)
2 creatures vanquished.

Grand Total: 92 creatures vanquished

Notes
Turn   | Place    | Note
-------+----------+-------------------------------------------
     0 | D:1      | mhtbhm the Human Berserker began the quest for the Orb.
     0 | D:1      | Reached XP level 1. HP: 18/18 MP: 1/1
   222 | D:1      | Reached XP level 2. HP: 21/24 MP: 2/2
   465 | D:1      | Found a faded altar of an unknown god.
   477 | D:1      | Reached XP level 3. HP: 26/29 MP: 3/3
  1333 | D:1      | Reached ** piety under Trog
  1594 | D:2      | Reached XP level 4. HP: 35/35 MP: 4/4
  2348 | D:2      | Found a burning altar of Makhleb.
  2532 | D:2      | Reached skill level 4 in Axes
  2540 | D:2      | Reached skill level 1 in Stealth
  2541 | D:2      | Reached XP level 5. HP: 41/41 MP: 5/5
  3127 | D:3      | Noticed a necrophage
  3147 | D:3      | Killed a necrophage
  3148 | D:3      | Reached XP level 6. HP: 28/48 MP: 6/6
  3278 | D:3      | Found Xarghitykh's General Store.
  3521 | D:3      | Found Giri's Magic Scroll Shop.
  3546 | D:3      | Bought a scroll of identify for 22 gold pieces
  3546 | D:3      | Bought a scroll of identify for 22 gold pieces
  3546 | D:3      | Bought a scroll of identify for 22 gold pieces
  4156 | D:4      | Reached skill level 5 in Axes
  4430 | D:4      | Found a glowing silver altar of Zin.
  4440 | D:4      | Found an opulent altar of Gozag.
  4447 | D:4      | Found an opulent altar of Gozag.
  4452 | D:4      | Found an opulent altar of Gozag.
  4460 | D:4      | Noticed a necrophage
  4471 | D:4      | Reached *** piety under Trog
  4476 | D:4      | Killed a necrophage
  4477 | D:4      | Reached XP level 7. HP: 30/54 MP: 7/7
  4963 | D:4      | Noticed Blork the orc
  4968 | D:4      | Killed Blork the orc
  4969 | D:4      | Reached skill level 6 in Axes
  5087 | D:4      | Found an opulent altar of Gozag.
  5215 | D:5      | Entered Level 5 of the Dungeon
  5378 | D:5      | Noticed a water moccasin
  5396 | D:5      | Slain by a water moccasin

Illustrated notes

Levels and vault maps discovered:
D:1:      dpeg_arrival_court, layout_basic, basic_ecumenical_altar
D:2:      wad_river_or_something, layout_loops_ring, basic_altar
D:3:      layout_basic, serial_shops, shop, shop, st_stairs_4,
          minmay_stone_trees_small, grunt_ministairs_13
D:4:      layout_rooms, overflow_temple_1_default,
          nicolae_gozag_conspicuous_consumption, uniq_blork_the_orc
D:5:      layout_loops_ring, minmay_temple_entry_poolview, serial_undead,
          serial_undead_f, serial_undead_a, serial_undead_d, serial_undead_f,
          serial_undead_a, serial_undead_f, serial_undead_e, serial_undead_e,
          serial_undead_d, serial_undead_a, serial_bayou_lagoon_b

Skill      XL: |  1  2  3  4  5  6  7 |
---------------+----------------------+-----
Axes           | 4 5 6 |  6.0
Stealth        | 1 2 |  2.2
Armour         | 3 |  3.3
Fighting       | 4 |  4.3
Dodging        | 3 |  3.1

Action                   |  1- 3 |  4- 6 |  7- 9 || total
-------------------------+-------+-------+-------++-------
Melee: Hand axe          |    80 |   181 |    18 ||   279
       War axe           |       |       |    27 ||    27
Throw: Dart              |       |     2 |       ||     2
Invok: Berserk           |       |     5 |     2 ||     7
  Use: Scroll            |       |     9 |       ||     9
 Stab: Sleeping          |       |     2 |     2 ||     4
Armor: Animal skin       |     1 |       |       ||     1
       Ring mail         |    13 |       |       ||    13
       Leather armour    |    11 |    58 |     6 ||    75
Dodge: Dodged            |    54 |   118 |    18 ||   190
Block: Kite shield       |       |       |    12 ||    12

Table legend: (Time is in decaauts)
 A = Elapsed time spent in this place.
 B = Non-inter-level travel time spent in this place.
 C = Inter-level travel time spent in this place.
 D = Time resting spent in this place.
 E = Time spent auto-exploring this place.
 F = Levels seen in this place.
 G = Mean time per level.
                   A        B        C        D        E       F      G
               +--------+--------+--------+--------+--------+-----+--------+
         Total |   5484 |   5411 |     73 |    962 |   3540 |   5 | 1096.8 |
       Dungeon |   5484 |   5411 |     73 |    962 |   3540 |   5 | 1096.8 |
               +--------+--------+--------+--------+--------+-----+--------+

Top non-repeatable levels by time:
     D:1: 1589 daAuts
     D:2: 1314 daAuts
     D:3: 1213 daAuts
     D:4: 1173 daAuts
     D:5: 194 daAuts
